Map: Dragon Scales LE

Players

winzboy

  • Race: Protoss Protoss
  • League: Gold
  • Spawn Location: 11:00

坦克 - Winner!

  • Race: Zerg Zerg
  • Spawn Location: 5:00

VOD

Have the link to the VOD?

Description

Time

  • Played on: May 25, 2023, 9:31 p.m.
  • Length: 8:08
Show
View Real Time Build Order
Export as new Build Order

winzboy Protoss 

Build Orders: 1 Gate Expand 

Get SALT Encoding   

  12  0:01  Probe  
  13  0:13  Probe  
  14  0:26  Probe  
  14  0:28  Pylon  
  15  0:38  Assimilator  
  15  0:46  Probe  
  16  0:56  Gateway  
  16  0:58  Probe  
  17  1:10  Probe (Chrono Boost)  
  18  1:20  Probe (Chrono Boost)  
  19  1:29  Nexus  
  19  1:35  Probe  
  20  1:48  Cybernetics Core  
  20  1:52  Pylon  
  20  1:58  Probe  
  21  2:05  Assimilator  
  21  2:10  Probe  
  22  2:16  Stalker  
  22  2:21  Warp Gate (Chrono Boost)  
  22  2:22  Probe  
  25  2:34  Probe  
  26  2:46  Probe x2  
  28  2:59  Probe  
  29  3:06  Robotics Facility  
  29  3:11  Probe  
  30  3:13  Pylon, Stalker (Chrono Boost)  
  32  3:21  Gateway x2  
  32  3:23  Probe x2  
  34  3:35  Probe x2  
  34  3:39  Stalker (Chrono Boost)  
  38  3:54  Observer  
  39  3:59  Pylon  
  39  4:03  Probe x2  
  41  4:15  Probe x2  
  41  4:16  Immortal  
  47  4:19  Stalker x2  
  47  4:20  Stalker  
  53  4:27  Probe x2  
  53  4:29  Assimilator  
  55  4:31  Assimilator  
  55  4:39  Probe x2  
  55  4:44  Twilight Council  
  57  4:47  Pylon  
  57  4:51  Probe x2  
  57  4:52  Adept  
  61  5:05  Probe  
  62  5:20  Charge (Chrono Boost), Zealot  
  62  5:21  Zealot x2  
  68  5:37  Pylon  
  68  5:39  Pylon  
  68  5:42  Pylon  
  68  5:47  Gateway  
  66  5:50  Gateway  
  66  5:52  Gateway x2  
  66  5:55  Gateway  
  66  5:57  Gateway  
  66  6:01  Shield Battery  
  66  6:04  Pylon  
  66  6:08  Gateway  
  66  6:11  Pylon  
  66  6:18  Zealot  
  66  6:19  Zealot  
  66  6:20  Zealot  
  72  6:42  Pylon  
  72  6:45  Pylon  
  72  6:51  Forge  
  72  6:53  Templar Archives  
  72  6:55  Zealot x2  
  72  6:56  Zealot x3  
  72  6:57  Pylon, Zealot  
  72  6:59  Pylon  
  84  7:18  Warp Prism  
  84  7:35  Zealot x3  
  84  7:36  Zealot x2  
  92  7:48  Zealot x2  
  92  7:49  Zealot x2  
  78  7:58  Zealot x2  
  66  7:59  Zealot  
Show
View Real Time Build Order
Export as new Build Order

坦克 Zerg - Winner!

Build Orders: Hatch First 

Get SALT Encoding   

  12  0:01  Drone  
  13  0:15  Overlord  
  13  0:17  Drone  
  14  0:29  Overlord  
  14  0:52  Hatchery  
  14  0:57  Drone x2  
  14  1:01  Drone  
  16  1:12  Drone  
  17  1:25  Drone  
  18  1:35  Drone  
  19  1:47  Drone  
  19  1:54  Hatchery, Spawning Pool  
  19  1:55  Extractor  
  19  1:56  Drone  
  19  1:57  Extractor  
  17  2:02  Drone  
  17  2:05  Drone  
  19  2:12  Drone  
  20  2:20  Drone  
  21  2:24  Drone  
  21  2:27  Drone  
  23  2:38  Evolution Chamber  
  23  2:39  Drone x2  
  24  2:52  Roach Warren  
  24  2:57  Drone  
  24  2:58  Drone x2  
  26  3:05  Overlord  
  26  3:06  Drone  
  26  3:12  Zerg Missile Weapons Level 1  
  27  3:14  Extractor  
  27  3:18  Drone  
  27  3:24  Queen  
  29  3:33  Roach  
  29  3:34  Roach  
  33  3:35  Roach  
  35  3:41  Extractor  
  35  3:43  Roach  
  35  3:44  Roach  
  35  3:45  Drone  
  39  3:52  Roach  
  39  3:55  Overlord  
  41  4:06  Drone  
  41  4:07  Overlord  
  41  4:09  Overlord  
  42  4:14  Drone  
  42  4:15  Drone  
  44  4:21  Spore Crawler  
  43  4:31  Roach  
  45  4:32  Roach  
  45  4:33  Roach  
  45  4:35  Drone  
  52  4:38  Roach  
  52  4:44  Pneumatized Carapace  
  52  4:47  Roach  
  54  4:58  Drone x5  
  59  5:13  Drone x3, Overlord  
  62  5:14  Drone  
  62  5:19  Roach  
  65  5:27  Zerg Ground Armor Level 1  
  65  5:34  Lair  
  65  5:37  Drone x2  
  65  5:38  Drone x3  
  64  5:54  Roach x2  
  64  5:55  Roach x3  
  74  6:06  Overlord x3  
  74  6:07  Overlord  
  74  6:21  Overlord x2  
  74  6:31  Roach x5  
  84  6:36  Spire  
  84  6:38  Ravager  
  84  6:39  Roach  
  90  6:40  Roach x2  
  90  6:41  Drone x2  
  90  6:42  Drone  
  93  6:52  Ravager x3  
  96  6:54  Roach x2  
  96  6:55  Roach x2  
  96  6:57  Roach  
  106  7:07  Hatchery  
  105  7:17  Extractor  
  105  7:19  Extractor  
  105  7:21  Roach  
  105  7:22  Roach, Drone x2  
  109  7:23  Drone x3  
  112  7:38  Roach x4  
  120  7:45  Roach x2  
Tags
 
Add a new tag
Caveats
  • Supply blocks, unpowered buildings, or Contaminate may cause inaccurate times.
  • Supply counts are checked every 10 seconds.